 Dungeon Crawl Stone Soup version 0.28.0-45-g0d030f2227 (webtiles) character file.

Game seed: 15075112660772835429

6275 zeratav the Martial Artist (level 10, -7/69 HPs)
             Began as an Octopode Transmuter on Apr 8, 2022.
             Was an Initiate of Ashenzari.
             Killed from afar by a wretched star (21 damage)
             ... with a lance of force
             ... on level 2 of the Abyss.
             The game lasted 00:44:17 (12411 turns).

zeratav the Martial Artist (Octopode Transmuter)   Turns: 12411, Time: 00:44:18

Health: -7/69      AC:  7    Str: 16    XL:     10   Next: 94%
Magic:  13/13      EV: 26    Int: 15    God:    Ashenzari [......]
Gold:   404        SH: 11    Dex: 23    Spells: 2/13 levels left

rFire   . . .      SeeInvis +   n - +5 hand axe (freeze) {axe}
rCold   + . .      Faith    .   u - +0 buckler
rNeg    . . .      Spirit   .   e - +2 hat
rPois   .          Reflect  +   p - amulet of reflection
rElec   .          Harm     .   f - ring of Desmomancy {AC+4, Cun, Melee} (curse)
rCorr   .          Rampage  .   s - +6 ring of strength
Will    .....                   t - +6 ring of dexterity
Stlth   ++++......              y - +4 ring of evasion
HPRegen 0.21/turn               F - ring of protection from cold
MPRegen 0.13/turn               J - ring of see invisible
                                K - +4 ring of evasion
                                (no ring)

@: no status effects
A: almost no armour, amphibious, 8 rings, camouflage 1, gelatinous body 1,
(nimble swimmer 1), tentacles
a: Renounce Religion, Curse Item, Shatter the Chains


You were on level 2 of the Abyss.
You worshipped Ashenzari.
Ashenzari was noncommittal.
You visited 2 branches of the dungeon, and saw 11 of its levels.
You visited the Abyss 1 time.

You collected 621 gold pieces.
You spent 217 gold pieces at shops.


Innate Abilities, Weirdness & Mutations

You cannot wear most types of armour.
You are amphibious.
You can wear up to eight rings at the same time.
Your skin changes colour to match your surroundings (Stealth+).
Your rubbery body absorbs attacks. (AC +1, EV +1)
((You are camouflaged when in or above water. (Stealth+)))
You have tentacles for arms and can constrict up to eight enemies at once.


   Skills:
 + Level 6.7 Fighting
 + Level 7.1(7.5) Dodging
 - Level 5.0(5.4) Stealth
 - Level 3.0 Shields
 * Level 10.2(10.7) Unarmed Combat
 - Level 2.0 Spellcasting
 + Level 5.4 Transmutations
 + Level 4.8 Ice Magic


You had 2 spell levels left.
You knew the following spells:

 Your Spells              Type           Power      Damage    Failure   Level
a - Beastly Appendage     Tmut           34%        N/A       3%          1
b - Spider Form           Tmut/Pois      9%         N/A       28%         3
c - Ice Form              Ice/Tmut       16%        N/A       34%         4
d - Mephitic Cloud        Conj/Pois/Air  1%         N/A       65%         3

Your spell library contained the following spells:

 Spells                   Type           Power      Damage    Failure   Level
 Wereblood                Tmut           17%        N/A       4%          2
 Magic Dart               Conj           4%         1d3       28%         1
 Call Imp                 Summ           1%         N/A       41%         2
 Sublimation of Blood     Necr           1%         N/A       41%         2
 Petrify                  Tmut/Erth      9%         N/A       67%         4
 Irradiate                Conj/Tmut      4%         3d15      95%         5

Inventory:

Hand Weapons
 n - a +5 hand axe of freezing (weapon) {axe}
   (You took it off a wight on level 6 of the Dungeon)
 x - a +5 vampiric whip {mace}
   (You took it off a kobold on level 4 of the Dungeon)
 A - a +3 war axe {axe}
   (You found it on level 5 of the Dungeon)
 C - a +3 flail of draining {mace}
   (You found it on level 5 of the Dungeon)
Armour
 e - a +2 hat (worn)
   (You bought it in a shop on level 5 of the Dungeon)
 u - a +0 buckler (worn)
   (You found it on level 6 of the Dungeon)
Jewellery
 f - the cursed ring of Desmomancy (left tentacle) {AC+4, Cun, Melee}
   (You found it on level 1 of the Dungeon)

   [ring of protection]

   AC:        It affects your AC (+4).
   It has a curse which improves the following skills: Cunning: Dodging and
   Stealth.
   Melee Combat: Short Blades, Long Blades, Axes, Maces & Flails, Polearms,
   Staves and Unarmed Combat.
 h - a ring of ice
   (You found it on level 2 of the Dungeon)
 p - an amulet of reflection (around mantle)
   (You found it on level 3 of the Dungeon)
 s - a +6 ring of strength (right tentacle)
   (You found it on level 3 of the Dungeon)
 t - a +6 ring of dexterity (on tentacle)
   (You found it on level 3 of the Dungeon)
 v - an amulet of the acrobat
   (You found it on level 4 of the Dungeon)
 y - a +4 ring of evasion (on tentacle)
   (You found it on level 5 of the Dungeon)
 D - a ring of ice
   (You found it on level 5 of the Dungeon)
 F - a ring of protection from cold (on tentacle)
   (You found it on level 7 of the Dungeon)
 J - a ring of see invisible (on tentacle)
   (You found it on level 8 of the Dungeon)
 K - a +4 ring of evasion (on tentacle)
   (You found it on level 9 of the Dungeon)
Wands
 B - a wand of iceblast (10)
   (You took it off Pikel on level 5 of the Dungeon)
 H - a wand of mindburst (17)
   (You found it on level 8 of the Dungeon)
 L - a wand of acid (12)
   (You found it on level 8 of the Dungeon)
 O - a wand of charming (3)
   (You found it on level 10 of the Dungeon)
 P - a wand of flame (12)
   (You found it on level 10 of the Dungeon)
Scrolls
 k - a scroll of teleportation {@r4}
 l - a scroll of amnesia
 m - 2 scrolls of blinking {!r}
 o - a scroll of enchant weapon
 E - a scroll of fear
 I - 3 scrolls of immolation {!r!r}
 M - a scroll of vulnerability {unknown}
Potions
 a - a potion of might
 b - a potion of berserk rage {unknown}
 c - a potion of attraction {unknown}
 d - 2 potions of cancellation
 g - 4 potions of degeneration {!q@e2}
 i - 4 potions of ambrosia
 q - 4 potions of curing {@q1}
 r - 3 potions of heal wounds {@q2}
 w - a potion of magic {unknown}
 z - 2 potions of haste {unknown}
 G - a potion of lignification {unknown}
 N - 2 potions of flight {unknown}

Dungeon Overview and Level Annotations

Branches:
Dungeon (10/15)            Temple (1/1) D:4             Orc (0/2) D:9
   Lair: D:8-11

Altars:
Ashenzari
Cheibriados
Dithmenos
Elyvilon
Fedhas
Gozag
Hepliaklqana
Kikubaaqudgha
Makhleb
Nemelex Xobeh
Okawaru
Qazlal
Ru
Sif Muna
Trog
Uskayaw
Vehumet
Wu Jian
Xom
Yredelemnul
Zin
The Shining One

Shops:
D:4 :   D:5 [[*(!   D:6 *!?(*

Annotations:
D:8 Gastronok
D:10 Psyche

#. . ... #.# #.
.. ≈.. #># ##≈#
#. .. ≈≈≈##.
#*#.#####≈#....
##.#.#.#≈≈≈...#
#.. #.@≈≈≈##
#...##..#*.###
####..###≈...#
#.#..#*.#.##
###.*.≈#....#
#...#.≈.#.#.#
### ####### ..
#####.# .. # .
....# ## #.


You could see a wretched star.


Message History

You hit the large abomination.
HP[+1]
You bite the large abomination!
The large abomination completely misses you.
You hit the large abomination but do no damage.
You block the large abomination's attack.
You bite the large abomination!
You destroy the large abomination!
That felt strangely unrewarding.
Your transformation has ended.
Your +5 hand axe of freezing {axe} unmelds from your body.
Your +2 hat unmelds from your body.
Your +0 buckler unmelds from your body.
Your +5 hand axe of freezing {axe} glows with a cold blue light!
HP[+1] MP[+1]
You start resting.
HP[+1] MP[+1]
Your mp is fully restored (13).
You start resting.
A starcursed mass comes into view.
HP[+17]
You regained 17 hp, and now have 42/69 hp.
The starcursed mass shrieks in your mind.
HP[-5]
You take 5 damage, and now have 37/69 hp.
A starcursed mass splits.
A chorus of shrieks assaults your mind.
* * * LOW HITPOINT WARNING * * *
HP[-6]
You take 6 damage, and now have 31/69 hp.
HP[+1] HP[+1]
You start resting.
A starcursed mass is nearby!
HP[+1] Blink to where?
Press: ? - help, Q - select action, (/) - cycle Dir - move target
As you read the scroll of blinking {!r}, it crumbles to dust.
A starcursed mass splits.
A chorus of shrieks assaults your mind.
* * * LOW HITPOINT WARNING * * *
A starcursed mass splits.
HP[-6]
You take 6 damage, and now have 28/69 hp.
Blink to where?
Press: ? - help, Q - select action, (/) - cycle Dir - move target
As you read the scroll of blinking {!r}, it crumbles to dust.
HP[+1] HP[+1]
The starcursed mass shrieks in your mind.
* * * LOW HITPOINT WARNING * * *
HP[-5]
You take 5 damage, and now have 25/69 hp.
HP[+1] HP[+1] HP[+1] HP[+1] HP[+1] HP[+1]
You start resting.
A starcursed mass is nearby!
HP[+7]
You regained 7 hp, and now have 38/69 hp.
HP[+1] HP[+1] HP[+1]
As you read the scroll of identify {@r1}, it crumbles to dust.
a - a potion of might
As you read the scroll of identify {@r1}, it crumbles to dust.
g - 4 potions of degeneration
As you read the scroll of identify {@r1}, it crumbles to dust.
i - 4 potions of ambrosia
As you read the scroll of identify {@r1}, it crumbles to dust.
q - 4 potions of curing HP[+1] HP[+1]
As you read the scroll of identify {@r1}, it crumbles to dust.
r - 3 potions of heal wounds You have 4 tentacles available for constriction.
Your swimming speed is average.
Your attack delay is about 1.3.
Your base attributes are Str 10, Int 15, Dex 17.
As you read the scroll of identify {@r1}, it crumbles to dust.
d - 2 potions of cancellation HP[+1] HP[+1]
A wretched star comes into view.
Found a gateway leading deeper into the Abyss.
HP[+1] HP[+1]
The wretched star glows turbulently.
The lance of force hits you!
You are knocked back by the lance of force.
You slam into the rock wall!
* * * LOW HITPOINT WARNING * * *
HP[-34]
You take 34 damage, and now have 13/69 hp.
MASSIVE DAMAGE!! (PAUSE) HP[+1]
The wretched star glows turbulently.
The lance of force hits you!!
You die...

Skill      XL: |  1  2  3  4  5  6  7  8  9 10 |
---------------+-------------------------------+-----
Stealth        | 1 2 3 5 |  5.0
Fighting       | 2 3 5 6 |  6.7
Unarmed Combat | 4 6 7 8 10 | 10.2
Dodging        | 3 4 5 6 7 |  7.1
Ice Magic      | 1 3 4 |  4.8
Transmutations | 4 5 |  5.4
Shields        | 2 3 |  3.0
Spellcasting   | |  2.0

Action                   |  1- 3 |  4- 6 |  7- 9 | 10-12 || total
-------------------------+-------+-------+-------+-------++-------
Melee: Unarmed           |    67 |   121 |    59 |   151 ||   398
       Kick              |    15 |    27 |     7 |       ||    49
       Constrict         |    18 |    36 |    30 |     8 ||    92
       Tentacles         |    12 |    27 |    45 |     8 ||    92
       Punch             |       |     5 |    12 |     7 ||    24
       Whip              |       |    14 |    48 |       ||    62
       Hand axe          |       |       |    83 |    38 ||   121
 Cast: Beastly Appendage |    18 |    30 |     9 |       ||    57
       Spider Form       |       |     2 |    13 |    21 ||    36
Invok: Curse Item        |       |       |       |     1 ||     1
  Use: Scroll            |       |       |    12 |    11 ||    23
 Stab: Sleeping          |    13 |    14 |     7 |     4 ||    38
Armor: Skin              |    15 |    24 |    18 |    13 ||    70
Dodge: Dodged            |    23 |    83 |   137 |   138 ||   381
Block: Other             |       |     9 |    40 |    26 ||    75
       Buckler           |       |       |    34 |    21 ||    55
       Reflection        |       |       |     6 |     2 ||     8

Levels and vault maps discovered:
D:1:      lemuel_arrival_broad_hall, layout_loops_cross, corexii_corridor_pit
D:2:      layout_basic, grunt_ministairs_7
D:3:      layout_loops_corners, minmay_misc_feat_cross, minmay_quantized
D:4:      layout_basic, kennysheep_orc_sif_temple,
          minmay_temple_entry_gardened_gates, serial_shops, shop,
          chequers_jeans, chequers_mini_garden, chequers_serial_rivers_micro_b
D:5:      layout_loops_cross, serial_shops, nicolae_shop_behind_doors, shop,
          shop, nicolae_shop_temple_entry_statues_fountains,
          kennysheep_little_box, corexii_item_surrounded_by_moat,
          chequers_serial_rivers_marsh, uniq_menkaure, uniq_pikel,
          uniq_eustachio
D:6:      layout_gridville, nicolae_dithmenos_through_a_glass_darkly,
          mainiacjoe_overflow_small_starburst, elyvilon_altar_4, serial_shops,
          nicolae_stop_n_shop_1, shop, shop, shop, shop, kennysheep_nub,
          minmay_fractal_squares_diagonal_5
D:7:      layout_cave_pools, nicolae_overflow_hidden_temple,
          serial_column_ruins, column_ruins_square_huge,
          column_ruins_hut_pillars, column_ruins_open_small_water,
          column_ruins_open_tiny, column_ruins_open_tiny,
          column_ruins_open_tiny, column_ruins_open_medium,
          column_ruins_open_medium, column_ruins_corridor_corner
D:8:      layout_basic, chequers_temple_overflow_statue_of_worship,
          uniq_gastronok
D:9:      layout_loops_cross, makhleb_altar_promises_db, orc_0_dummy,
          serial_undead, serial_undead_f, serial_undead_b, serial_undead_f,
          serial_undead_b
D:10:     layout_loops_corners, nemelex_diamond_rough_becter, uniq_psyche
Temple:   nicolae_temple_figure_eight
Abyss:2:  base:
D:4

Notes
Turn   | Place    | Note
-------+----------+-------------------------------------------
     0 | D:1      | zeratav the Octopode Transmuter began the quest for the
                  | Orb.
     0 | D:1      | Reached XP level 1. HP: 13/13 MP: 3/3
     0 | D:1      | magus.rc [v1.9.6]
   165 | D:1      | Reached skill level 1 in Stealth
   165 | D:1      | Reached XP level 2. HP: 10/18 MP: 5/5
   593 | D:1      | Reached XP level 3. HP: 23/23 MP: 6/6
   715 | D:1      | You fall into a shaft and drop 1 floor!
  1464 | D:2      | Reached skill level 2 in Stealth
  1556 | D:2      | Reached XP level 4. HP: 29/29 MP: 5/7
  1680 | D:2      | Noticed an ogre
  1976 | D:2      | Reached skill level 2 in Fighting
  2306 | D:3      | Reached skill level 4 in Unarmed Combat
  2306 | D:3      | Reached XP level 5. HP: 31/34 MP: 6/8
  2704 | D:3      | You pick up a book of Minor Magic and begin reading...
  2704 | D:3      | You add the spells Magic Dart, Call Imp and Mephitic Cloud
                  | to your library.
  3237 | D:3      | Reached skill level 3 in Dodging
  3237 | D:3      | Reached skill level 3 in Stealth
  3599 | D:4      | Found Qemof's Book Shoppe.
  3943 | D:4      | Reached XP level 6. HP: 40/41 MP: 9/9
  4006 | D:4      | Found a staircase to the Ecumenical Temple.
  4021 | Temple   | Entered the Ecumenical Temple
  4426 | D:4      | Found a shimmering blue altar of Sif Muna.
  4553 | D:5      | Entered Level 5 of the Dungeon
  4553 | D:5      | Noticed Menkaure
  4667 | D:5      | Learned a level 3 spell: Spider Form
  4680 | D:5      | Noticed Pikel
  4715 | D:5      | Killed Pikel
  4716 | D:5      | Reached skill level 3 in Fighting
  4716 | D:5      | Reached skill level 4 in Dodging
  4716 | D:5      | Reached skill level 5 in Stealth
  4716 | D:5      | Reached skill level 6 in Unarmed Combat
  4716 | D:5      | Reached XP level 7. HP: 31/46 MP: 6/10
  4842 | D:5      | Found Zagg's Distillery.
  4935 | D:5      | Found Pogeh's Antique Armour Shop.
  5092 | D:5      | Noticed Eustachio
  5105 | D:5      | Reached XP level 8. HP: 54/54 MP: 11/11
  5110 | D:5      | Killed Eustachio
  5111 | D:5      | Reached skill level 4 in Fighting
  5117 | D:5      | Found Wytaoclo's Assorted Antiques.
  5522 | D:5      | HP: 13/54 [poisoned by a gnoll]
  5530 | D:5      | HP: 12/54 [gnoll/+0 spear of venom (1)]
  5918 | D:5      | Reached skill level 7 in Unarmed Combat
  6014 | D:5      | Killed Menkaure
  6165 | D:5      | Found Ytueh's Antique Armour Shoppe.
  6173 | D:5      | Bought a glowing hat for 217 gold pieces
  6420 | D:5      | Found Giawinni's Antique Weapon Emporium.
  6594 | D:6      | Found a white marble altar of Elyvilon.
  6601 | D:6      | Reached skill level 5 in Dodging
  6657 | D:6      | Found Wangu's Distillery.
  6679 | D:6      | Found a glowing silver altar of Zin.
  6928 | D:6      | Identified the +1 ring mail "Bayxaz" {rPois}
  6952 | D:6      | Reached skill level 1 in Ice Magic
  7100 | D:6      | Found Wumio's Magic Scroll Shoppe.
  7205 | D:6      | Reached skill level 5 in Fighting
  7205 | D:6      | Reached XP level 9. HP: 48/61 MP: 12/12
  7282 | D:6      | Found a shadowy altar of Dithmenos.
  7501 | D:6      | Reached skill level 3 in Transmutations
  7520 | D:6      | Reached skill level 8 in Unarmed Combat
  7520 | D:6      | Reached skill level 2 in Ice Magic
  7543 | D:6      | Reached skill level 1 in Shields
  7597 | D:6      | Found Fuinnao's Assorted Antiques.
  7696 | D:6      | Identified the +0 leather armour of Loss {-Cast rElec Dex-2
                  | Stlth+}
  7863 | D:6      | Found Soneall's Assorted Antiques.
  7896 | D:6      | Found Jucron's Weapon Emporium.
  8229 | D:7      | Reached skill level 2 in Shields
  8297 | D:7      | Reached skill level 6 in Dodging
  8339 | D:7      | Reached skill level 3 in Ice Magic
  8385 | D:7      | Found an ornate altar of the Wu Jian Council.
  8898 | D:8      | Reached skill level 4 in Transmutations
  9128 | D:8      | Reached XP level 10. HP: 35/68 MP: 1/13
  9129 | D:8      | Reached skill level 9 in Unarmed Combat
  9381 | D:8      | Noticed Gastronok
  9757 | D:8      | Found a broken altar of Ashenzari.
  9757 | D:8      | Found a basalt altar of Yredelemnul.
  9764 | D:8      | Became a worshipper of Ashenzari the Shackled
  9864 | D:8      | Reached skill level 6 in Fighting
  9864 | D:8      | Reached skill level 3 in Shields
  9909 | D:8      | Learned a level 4 spell: Ice Form
  9913 | D:8      | Learned a level 3 spell: Mephitic Cloud
 10506 | D:9      | Found a burning altar of Makhleb.
 10506 | D:9      | Noticed a green death
 10612 | D:9      | Reached skill level 4 in Ice Magic
 10641 | D:9      | You pick up a book of Alchemy and begin reading...
 10641 | D:9      | You add the spells Sublimation of Blood, Petrify and
                  | Irradiate to your library.
 11354 | D:9      | Reached skill level 5 in Transmutations
 11395 | D:9      | Found a staircase to the Orcish Mines.
 11488 | D:10     | Entered Level 10 of the Dungeon
 11550 | D:10     | Found a sparkling altar of Nemelex Xobeh.
 11577 | D:10     | Reached skill level 10 in Unarmed Combat
 11618 | D:10     | Reached skill level 7 in Dodging
 12001 | D:10     | Noticed Psyche
 12004 | D:10     | You are cast into the Abyss!
 12004 | D:10     | Cast into level 2 of the Abyss (Psyche)
 12053 | Abyss:2  | Noticed a thrashing horror
 12083 | Abyss:2  | Noticed a starcursed mass
 12112 | Abyss:2  | Noticed a rust devil
 12272 | Abyss:2  | Noticed a starcursed mass
 12399 | Abyss:2  | Noticed a wretched star
 12406 | Abyss:2  | HP: 13/69 [rock wall collision (23)]
 12411 | Abyss:2  | Killed from afar by a wretched star

Vanquished Creatures
  Pikel (D:5)
  A large abomination (Abyss:2)
  A shadow (D:9)
  A ynoxinul (Abyss:2)
  8 yaks
  A steam dragon (D:8)
  Eustachio (D:5)
  2 wyverns (D:9)
  Menkaure (D:5)
  2 water moccasins
  2 ice beasts
  A sky beast (D:6)
  An ogre (D:7)
  8 necrophages
  3 lemures (D:5)
  3 centaurs
  3 kobold brigands
  4 bullfrogs
  A gnoll sergeant (D:8)
  A water moccasin zombie (D:5)
  2 wyvern zombies
  2 water moccasin skeletons
  9 wights
  3 howler monkeys
  5 centaur zombies
  A bullfrog zombie (D:5)
  2 jellies (D:3)
  2 hounds (D:6)
  An orc priest (D:6)
  A gnoll shaman (D:5)
  A centaur skeleton (D:7)
  2 iguanas
  4 orc wizards
  A killer bee zombie (D:9)
  A hound zombie (D:5)
  10 gnolls
  5 adders
  An adder skeleton (D:4)
  A worm (D:3)
  2 dart slugs
  28 orcs
  10 endoplasms
  2 giant cockroaches
  7 goblins
  5 hobgoblins
  15 jackals
  16 kobolds
  5 quokkas
  12 ball pythons
  5 bats
  2 frilled lizards
  3 rats
212 creatures vanquished.

Vanquished Creatures (others)
  A plant (D:4)
  3 withered plants (D:9)
4 creatures vanquished.

Grand Total: 216 creatures vanquished

Table legend:
 A = Non-vault XP
 B = Vault XP
 C = Vault XP percentage of total XP
 D = Non-vault monster count
 E = Vault monster count
 F = Vault count percentage of total count
                 A         B        C        D         E       F
            +---------+---------+-------+---------+---------+-------
      Total |    6358 |    2607 |  29.1 |     177 |      32 |  15.3
            +---------+---------+-------+---------+---------+-------
        D:1 |      50 |       0 |   0.0 |      20 |       0 |   0.0
        D:2 |      68 |       4 |   5.6 |      29 |       2 |   6.5
        D:3 |     116 |      10 |   7.9 |      17 |       3 |  15.0
        D:4 |      77 |       3 |   3.8 |      18 |       1 |   5.3
        D:5 |     473 |     990 |  67.7 |      16 |       3 |  15.8
        D:6 |    1023 |     528 |  34.0 |      20 |       8 |  28.6
        D:7 |     908 |       3 |   0.3 |      18 |       1 |   5.3
        D:8 |    1304 |       0 |   0.0 |      17 |       0 |   0.0
        D:9 |     929 |    1069 |  53.5 |      14 |      14 |  50.0
       D:10 |    1410 |       0 |   0.0 |       6 |       0 |   0.0
    Abyss:2 |       0 |       0 |   N/A |       2 |       0 |   0.0
            +---------+---------+-------+---------+---------+-------

Illustrated notes

Table legend:
 A = Kills in this place as a percentage of kills in entire the game.
 B = Kills by you in this place as a percentage of kills by you in the entire game.
 C = Kills by friends in this place as a percentage of kills by friends in the entire game.
 D = Other kills in this place as a percentage of other kills in the entire game.
 E = Experience gained in this place as a percentage of experience gained in the entire game.
 F = Experience gained in this place divided by the number of levels of this place that you have seen.
                   A       B       C       D       E      F
               +-------+-------+-------+-------+-------+----------------------
         Total | 100.0 | 100.0 |   N/A |   N/A | 100.0 | 747.1
       Dungeon |  99.0 |  99.0 |   N/A |   N/A | 100.0 | 896.5
         Abyss |   1.0 |   1.0 |   N/A |   N/A |   0.0 |   0.0
               +-------+-------+-------+-------+-------+----------------------

Table legend: (Time is in decaauts)
 A = Elapsed time spent in this place.
 B = Non-inter-level travel time spent in this place.
 C = Inter-level travel time spent in this place.
 D = Time resting spent in this place.
 E = Time spent auto-exploring this place.
 F = Levels seen in this place.
 G = Mean time per level.
                   A        B        C        D        E       F      G
               +--------+--------+--------+--------+--------+-----+--------+
         Total |  12447 |  10703 |   1744 |   2631 |   4149 |  12 | 1037.2 |
       Dungeon |  11793 |  10092 |   1701 |   2478 |   3947 |  10 | 1179.3 |
        Temple |    248 |    205 |     43 |      0 |    202 |   1 |  248.0 |
         Abyss |    405 |    405 |      0 |    153 |      0 |   1 |  405.0 |
               +--------+--------+--------+--------+--------+-----+--------+

Top non-repeatable levels by time:
     D:5: 1633 daAuts
     D:8: 1622 daAuts
     D:6: 1584 daAuts
     D:3: 1339 daAuts
     D:1: 1211 daAuts
     D:4: 1162 daAuts
     D:2: 1094 daAuts
     D:9: 838 daAuts
     D:7: 796 daAuts
    D:10: 509 daAuts
 Abyss:2: 405 daAuts
  Temple: 248 daAuts
